 Dungeon Crawl Stone Soup version 0.25.1-4-g9407a263a5 (webtiles) character file.

Game seed: 13491420481752299494

252 Clowwww the Chopper (level 5, -6/39 HPs)
             Began as a Demonspawn Gladiator on Nov 27, 2020.
             Killed by divine providence
             ... invoked by an orc priest
              (12 damage)
             ... on level 4 of the Dungeon.
             The game lasted 00:10:04 (3685 turns).

Clowwww the Chopper (Demonspawn Gladiator)          Turns: 3685, Time: 00:10:05

Health: -6/39      AC:  7    Str: 15    XL:     5   Next: 89%
Magic:  5/5        EV: 13    Int:  9    God:
Gold:   159        SH:  0    Dex: 15    Spells: 4/4 levels left

rFire    . . .     SeeInvis .   a - +0 war axe
rCold    . . .     Gourm    .   (no shield)
rNeg     . . .     Faith    .   b - +2 leather armour
rPois    .         Spirit   .   (helmet restricted)
rElec    .         Reflect  .   (no cloak)
rCorr    .         Harm     .   (no gloves)
MR       .....                  (no boots)
Stlth    ++........             (no amulet)
HPRegen  0.13/turn              (no ring)
MPRegen  0.09/turn              (no ring)

@: no status effects
A: horns 2, icy blue scales 1, demonic guardian 1
a: no special abilities


You were on level 4 of the Dungeon.
You were not hungry.

You visited 1 branch of the dungeon, and saw 4 of its levels.

You collected 159 gold pieces.

Inventory:

Hand Weapons
 a - a +0 war axe (weapon)
 j - a cursed +0 hand axe
Missiles
 d - 3 throwing nets
 h - 6 javelins (quivered)
Armour
 b - a +2 leather armour (worn)
Jewellery
 e - an uncursed ring of poison resistance {unknown}
 n - a cursed ring of teleportation {unknown}
Scrolls
 c - a scroll of enchant weapon {unknown}
 g - a scroll of identify
 m - a scroll of random uselessness {unknown}
Potions
 k - a potion of resistance
Comestibles
 f - 4 rations
 i - 3 chunks of flesh


   Skills:
 + Level 2.7 Fighting
 + Level 4.5 Axes
 + Level 1.8 Throwing
 + Level 1.8 Armour
 + Level 3.5 Dodging
 + Level 1.1 Stealth


You had 4 spell levels left.
You didn't know any spells.
Your spell library was empty.

Dungeon Overview and Level Annotations

Branches:
Dungeon (4/15)
 Temple: D:4-7

Altars:
Cheibriados


Innate Abilities, Weirdness & Mutations

You have a pair of horns on your head.
You are partially covered in icy blue scales. (AC +2)
A weak demonic guardian rushes to your aid.


Message History

The orc hits your quasit with a +0 whip.
Your quasit barely misses the orc.
Your quasit claws the orc but does no damage. x2
The orc priest calls down the wrath of Beogh upon you.
Beogh smites you!
Your quasit barely misses the orc.
Your quasit misses the orc.
Your quasit claws the orc.
The orc barely misses your quasit.
Your quasit bites the orc.
Your quasit barely misses the orc.
Your quasit closely misses the orc.
The orc priest mumbles some strange prayers to Beogh against you.
Beogh smites you!
* * * LOW HITPOINT WARNING * * *
The orc barely misses your quasit.
Your quasit barely misses the orc.
Your quasit claws the orc but does no damage.
Your quasit barely misses the orc.
Your quasit disappears in a puff of smoke!
A giant cockroach comes into view.
The orc priest mumbles some strange prayers to Beogh against you.
Beogh smites you!
You die...

#........#...........
#.......#...##......
#.....o#...$# ##....
#.....o....## #...
#.....###....# ..
#..5.## ###...#
#....# #.... ##...##
##.## #...@# ..#
#....# .. s.......#
......... .........
.......... ..........
...(...##..


You could see an orc priest, an orc, a giant cockroach and a friendly iron imp
(summoned).

Vanquished Creatures
  A howler monkey (D:3)
  Crazy Yiuf (D:3)
  2 orc priests (D:3)
  An orc wizard (D:2)
  2 gnolls (D:3)
  3 adders (D:3)
  A worm (D:3)
  A dart slug (D:1)
  3 leopard geckos
  5 orcs
  6 giant cockroaches
  7 goblins
  4 hobgoblins
  9 jackals
  6 bats
  5 frilled lizards
  7 kobolds
  3 rats (D:1)
67 creatures vanquished.

Vanquished Creatures (collateral kills)
  A gnoll (D:3)
  2 orcs (D:3)
  A goblin (D:3)
  A bat (D:3)
5 creatures vanquished.

Grand Total: 72 creatures vanquished

Notes
Turn   | Place    | Note
-------+----------+-------------------------------------------
     0 | D:1      | Clowwww the Demonspawn Gladiator began the quest for the
                  | Orb.
     0 | D:1      | Reached XP level 1. HP: 16/16 MP: 1/1
   341 | D:1      | Reached skill level 3 in Axes
   360 | D:1      | Gained mutation: A weak demonic guardian rushes to your
                  | aid. [demonic ancestry]
   360 | D:1      | Reached XP level 2. HP: 22/22 MP: 2/2
   896 | D:1      | Gained mutation: You have a pair of small horns on your
                  | head. [demonic ancestry]
   896 | D:1      | Reached XP level 3. HP: 17/27 MP: 3/3
  1714 | D:2      | Reached skill level 1 in Armour
  1714 | D:2      | Gained mutation: You are partially covered in icy blue
                  | scales. (AC +2) [demonic ancestry]
  1714 | D:2      | Reached XP level 4. HP: 30/34 MP: 4/4
  2548 | D:3      | Found a snail-covered altar of Cheibriados.
  2559 | D:3      | Reached skill level 4 in Axes
  2922 | D:3      | Found a runed translucent door.
  2923 | D:3      | Noticed Crazy Yiuf
  2937 | D:3      | Killed Crazy Yiuf
  2937 | D:3      | Gained mutation: You have a pair of horns on your head.
                  | [demonic ancestry]
  2937 | D:3      | Reached XP level 5. HP: 39/39 MP: 5/5
  3292 | D:3      | Reached skill level 1 in Stealth
  3685 | D:4      | Killed from afar by an orc priest

Illustrated notes

Levels and vault maps discovered:
D:1:      mrwooster_arrival_statue_2, layout_loops_corners
D:2:      layout_basic
D:3:      layout_loops_corners, lemuel_round_altar,
          chequers_serial_rivers_small_3, wander_ebering_terrifying_dragon_lair,
          uniq_crazy_yiuf_cottage
D:4:      layout_layer_cave, amethyst_overflow_temple_binary, ashenzari_altar_1,
          lightli_ossuary_entry_decrepit_ruins

Skill      XL: |  1  2  3  4  5 |
---------------+----------------+-----
Axes           | 3 4 |  4.5
Dodging        | 3 |  3.5
Armour         | 1 |  1.8
Stealth        | 1 |  1.1
Fighting       | |  2.7
Throwing       | |  1.8

Action                   |  1- 3 |  4- 6 || total
-------------------------+-------+-------++-------
Melee: War axe           |   102 |    95 ||   197
       Headbutt          |     7 |    17 ||    24
  Use: Scroll            |     5 |     3 ||     8
       Potion            |       |     1 ||     1
 Stab: Sleeping          |       |     1 ||     1
       Distracted        |       |     1 ||     1
  Eat: Chunk             |     2 |     7 ||     9
Armor: Leather armour    |    45 |    45 ||    90
Dodge: Dodged            |    94 |    95 ||   189
